cohdb
Replays
Latest Replays
All Replays
Popular Replays
Top Player Replays
Match Explorer
How It Works
Community
CoH3 Stats
Reddit
Sign in to upload your games and track your stats! →
Sign in with Steam
Match 42748075
Unlisted
Match 42748075
Overview
Messages
Build Orders
End
Construct Infanterie Kompanie
Kettenkrad Recon Vehicle
Grenadier Squad
MG 42 Machine Gun Team
Grenadier Squad
Construct Panzergrenadier Kompanie
Panzergrenadier Squad
Medical Station
MG 42 Machine Gun Team
Pioneer Squad
Panzergrenadier Squad
Selects Mechanized Battlegroup
Selects Raid Package
Selects StuG Assault Group
StuG Assault Group
Pak 40 Anti-tank Gun Team
Pioneer Squad
StuG Assault Group
Pioneer Squad
Selects Panther Heavy Tank
CrazyTiger
FK9DD
0
0
Comments
sign in to comment!
No comments posted yet!